 Dungeon Crawl Stone Soup version bcrawl-1.24 (webtiles) character file.

Game seed: 7992307156063253130

140361 Morbidden the Warrior (level 17, -13/157 HPs)
             Began as a Hill Orc Archaeologist on June 16, 2020.
             Was the Champion of Cheibriados.
             Mangled by Cigotuvi's Monster (18 damage)
             ... in a wizard's laboratory.
             The game lasted 01:09:50 (23654 turns).

Morbidden the Warrior (Hill Orc Archaeologist)     Turns: 23654, Time: 01:09:51

Health: -13/157    AC: 37    Str: 36    XL:     17   Next: 30%
Magic:  3/8        EV: 10    Int: 30    God:    Cheibriados [******]
Gold:   932        SH: 37    Dex: 28    Spells: 27/27 levels left

rFire    + + .     SeeInvis +   b - +3 demon blade (antimagic)
rCold    + . .     Gourm    .   t - +1 large shield {AC+3}
rNeg     . . .     Faith    .   N - +10 plate armour {ponderous}
rPois    +         Spirit   .   n - +3 crown of Dyrovepreva {rElec Int+2 SInv}
rElec    +         Reflect  +   K - +0 cloak
rCorr    +         Harm     .   X - +0 pair of gloves "Poedice" {rPois rF+ Int-3}
MR       +....                  d - +2 pair of boots "Sinn" {rF+ rCorr Dex-3}
Stlth    ++........             H - +5 amulet of reflection
HPRegen  0.36/turn              j - ring of stealth
MPRegen  0.11/turn              L - +7 ring of dexterity

@: constricted, very slow
A: clever 1, cold resistance 1
a: Bend Time, Temporal Distortion, Slouch, Step From Time, Renounce Religion


You were in a wizard's laboratory.
You worshipped Cheibriados.
Cheibriados was exalted by your worship.
You were not hungry.

You visited 5 branches of the dungeon, and saw 22 of its levels.
You visited 1 bazaar.
You also visited: Sewer, Ossuary and Wizlab.

You collected 2040 gold pieces.
You spent 1108 gold pieces at shops.

Inventory:

Hand Weapons
 a - a +1 short sword of electrocution
 b - a +3 antimagic demon blade (weapon)
 C - a +5 great mace of crushing
 O - a +5 blowgun
 Z - a +2 scimitar of flaming
Missiles
 B - 976 tomahawks (quivered)
 E - 139 javelins
 G - 49 curare-tipped needles
Armour
 d - the +2 pair of boots "Sinn" (worn) {rF+ rCorr Dex-3}
   (You bought it in a shop in the Orcish Mines)

   It affects your dexterity (-3).
   It protects you from fire.
   It provides partial protection from all sources of acid and corrosion.
 n - the +3 crown of Dyrovepreva (worn) {rElec Int+2 SInv}
   (You bought it in a shop in the Orcish Mines)

   It affects your intelligence (+2).
   It insulates you from electricity.
   It lets you see invisible.
 t - a +1 large shield of protection (worn)
 K - a +0 cloak (worn)
 N - a +10 plate armour of ponderousness (worn)
 X - the +0 pair of gloves "Poedice" (worn) {rPois rF+ Int-3}
   (You found it on level 1 of the Lair of Beasts)

   It affects your intelligence (-3).
   It protects you from fire.
   It protects you from poison.
Jewellery
 j - a ring of stealth (left hand)
 o - the ring "Imuop" {Fire rPois}
   (You found it on level 1 of the Dungeon)

   [ring of fire]

   It enhances your fire magic.
   It protects you from fire.
   It makes you vulnerable to cold.
   It protects you from poison.
 H - a +5 amulet of reflection (around neck)
 L - a +7 ring of dexterity (right hand)
Wands
 u - a wand of paralysis (34)
 y - a wand of iceblast (18)
 A - a wand of flame (29)
 U - a wand of digging (8)
 W - a wand of acid (13)
Scrolls
 c - 3 scrolls of remove curse
 f - 5 scrolls of enchant weapon
 g - 6 scrolls of magic mapping
 h - 2 scrolls of identify
 m - 3 scrolls of teleportation
 s - 4 scrolls of immolation
 D - a scroll of enchant armour
 F - a scroll of blinking
Potions
 i - 5 potions of brilliance
 k - a potion of berserk rage {unknown}
 p - 2 potions of might
 q - a potion of cancellation {unknown}
 v - 4 potions of lignification
 x - 9 potions of curing
 I - a potion of ambrosia {unknown}
 J - a potion of magic {unknown}
 S - a potion of invisibility
 T - a potion of agility
 V - 4 potions of heal wounds
Miscellaneous
 z - a lightning rod (4/4)
 P - a box of beasts
Comestibles
 e - 46 rations {!d}


   Skills:
 * Level 15.6 Fighting
   Level 15.6 Short Blades
   Level 15.6 Long Blades
   Level 15.6 Axes
   Level 15.6 Maces & Flails
   Level 15.6 Polearms
   Level 15.6 Staves
 + Level 1.4 Throwing
 + Level 11.6 Armour
 * Level 12.0 Dodging
 + Level 6.3 Stealth
 + Level 10.6 Shields
   Level 15.6 Unarmed Combat
 * Level 5.7 Spellcasting
 * Level 13.2 Invocations
 + Level 2.3 Evocations


You had 27 spell levels left.
You didn't know any spells.
Your spell library contained the following spells:

 Spells                   Type           Power        Failure   Level  Hunger
 Beastly Appendage        Tmut           #.....       100%        1    None
 Corona                   Hex            #......      100%        1    None
 Flame Tongue             Conj/Fire      #....        100%        1    None
 Infusion                 Chrm           #.......     100%        1    None
 Sandblast                Erth           #.....       100%        1    None
 Flaming Arrows           Chrm/Fire      #.......     100%        2    None
 Passwall                 Tmut/Erth      #.......     100%        2    None
 Poisonous Vapours        Pois/Air       #.....       100%        2    None
 Shackle                  Hex            #.......     100%        2    None
 Song of Slaying          Chrm           #.......     100%        2    None
 Sticks to Snakes         Tmut           #.......     100%        2    None
 Conjure Flame            Conj/Fire      #.......     100%        3    None
 False Image              Hex/Summ       #.......     100%        3    None
 Ignite Poison            Fire/Tmut/Pois #.......     100%        3    None
 Inner Flame              Hex/Fire       N/A          100%        3    None
 Mephitic Cloud           Conj/Pois/Air  #.......     100%        3    None
 Ozocubu's Armour         Chrm/Ice       #.......     100%        3    None
 Regeneration             Chrm/Necr      #.........   100%        3    None
 Spectral Weapon          Hex/Chrm       #.......     100%        3    None
 Spider Form              Tmut/Pois      #..          100%        3    None
 Stone Arrow              Conj/Erth      #.....       100%        3    None
 Cause Fear               Hex            #.........   100%        4    ###....
 Ice Form                 Ice/Tmut       #.......     100%        4    ###....
 Petrify                  Tmut/Erth      #.......     100%        4    ###....
 Sticky Flame             Conj/Fire      #.......     100%        4    ###....
 Tree Form                Hex/Tmut       N/A          100%        4    ###....
 Yara's Violent Unravell  Hex/Tmut       #.........   100%        4    ###....
 Blade Hands              Tmut           #.........   100%        5    #####..
 Fireball                 Conj/Fire      #.........   100%        5    #####..
 Irradiate                Conj/Tmut      #.........   100%        5    #####..
 Lee's Rapid Deconstruct  Erth           #.........   100%        5    #####..
 Freezing Cloud           Ice/Air        #.........   100%        6    ######.
 Steam Barrier            Chrm/Fire      #.........   100%        6    ######.
 Dragon Form              Tmut           #......      100%        7    #######
 Necromutation            Tmut/Necr      #.......     100%        8    #######


Dungeon Overview and Level Annotations

Branches:
Dungeon (12/12)            Temple (0/1) D:5            Lair (6/6) D:7
 Shoals (0/3) Lair:4       Spider (1/3) Lair:3        Slime (0/5) Lair:6
    Orc (1/1) D:10            Elf (0/3) Orc          Vaults (2/3) D:11
  Crypt (0/2) Vaults:1     Depths (0/5) D:12

Altars:
Cheibriados
Elyvilon
Gozag
Kikubaaqudgha
Sif Muna
Uskayaw
Wu Jian
Yredelemnul
Beogh
Jiyva

Shops:
Orc (%*([

Annotations:
D:8 1 runed translucent door, Sickboy's ghost, novice FrWz


Innate Abilities, Weirdness & Mutations

Your mind is acute. (Int +2)
Your flesh is cold resistant. (rC+)


Message History

No path to travel!
No path to travel!
No path to travel!
Unknown command.
Evoke which item? (* to show all) (? for menu, Esc to quit)
Okay, then.
Attempting to read a scroll while constricted might waste it - continue anyway? [Y]es or [N]o only, please.
Attempting to read a scroll while constricted might waste it - continue anyway? [Y]es or [N]o only, please.
Attempting to read a scroll while constricted might waste it - continue anyway? [Y]es or [N]o only, please.
Attempting to read a scroll while constricted might waste it - continue anyway?
Okay, then.
Unknown command.
Cigotuvi's Monster's grasp on you weakens, but your attempt to escape fails.
Cigotuvi's Monster hits you!!
* * * LOW HITPOINT WARNING * * *
You block Cigotuvi's Monster's attack. x2
You die...

### ### ### #∩# ####
###.####??? ###'###...#
#.....#.... .#...#.....
.......X.. .#...#e....
#......H.. u#...#uo...
#.X..u.... ##...######
#.uX...... ###'####§§#
#H## .#...##.§§§ #.@#
.#...#uu§§. #..# ####
p#...#uu§§§ #..####..##
o#...##u... #...##....#
###'####..# ##...'....#
.#...#.#### #...#....#
x#...#..### ##'#####.##
u#...#p....####...######
##...#e....#.........####


You could see a red very ugly thing, Cigotuvi's Monster and a large abomination.

Vanquished Creatures
  Frederick (Vaults:1)
  A sphinx (Vaults:2)
  A fire giant (Vaults:2)
  2 draconian knights (Vaults:1)
  A vault warden (Vaults:1)
  2 orc warlords
  2 very ugly things
  2 ironheart preservers (Vaults:1)
  5 dire elephants (Lair:6)
  2 fire dragons (Vaults:1)
  A great orb of eyes (Vaults:1)
  A yaktaur captain (Vaults:1)
  2 vault guards
  Erica (Orc)
  A rakshasa (Vaults:1)
  6 centaur warriors
  12 hydras
  A catoblepas (D:8)
  An anaconda (Lair:6)
  10 two-headed ogres
  A two-headed ogre (shapeshifter) (Vaults:1)
  A dancing weapon (Vaults:1)
  A death knight (Vaults:1)
  2 tengu warriors
  2 ogre magi
  2 orc high priests (Orc)
  4 death yaks (Lair:3)
  Sonja (Lair:1)
  An iron golem (WizLab)
  4 deep trolls (Vaults:1)
  3 skeletal warriors (Vaults:1)
  A deep troll (shapeshifter) (Vaults:2)
  2 unseen horrors
  3 orc knights
  6 ironbrand convokers
  Pikel (D:8)
  4 cyclopes
  10 ugly things
  3 orc sorcerers
  A wolf spider (D:12)
  2 oklob plants (Lair:3)
  A salamander (D:12)
  3 manticores
  2 merfolk sirens (Lair:4)
  A guardian serpent (shapeshifter) (D:12)
  21 elephants
  Joseph (D:7)
  2 centaur zombies
  8 cane toads
  3 black mambas
  Maurice (Orc)
  A torpor snail (Lair:3)
  2 vault sentinels
  A gargoyle (D:11)
  3 rime drakes
  5 kobold demonologists
  A komodo dragon (shapeshifter) (D:11)
  7 komodo dragons
  16 yaktaurs
  A freezing wraith (Vaults:1)
  A tengu conjurer (D:10)
  A demonic crawler (Lair:3)
  A jumping spider (shapeshifter) (Vaults:1)
  2 polar bears
  4 trolls
  3 meliai (D:10)
  Prince Ribbit (Lair:1)
  11 hippogriffs
  9 blink frogs
  17 slime creatures
  A blink frog (shapeshifter) (WizLab)
  4 large abominations (WizLab)
  A human simulacrum (Vaults:1)
  2 tarantellas (shapeshifter)
  19 dream sheep
  A spriggan (D:7)
  49 yaks
  2 wraiths
  A golden eye (shapeshifter) (WizLab)
  A basilisk (Lair:4)
  A vampire mosquito (D:8)
  2 hungry ghosts
  Menkaure (D:7)
  A warg (D:11)
  Duvessa (D:5)
  An acid dragon (D:11)
  12 crocodiles
  12 water moccasins
  8 porcupines
  3 ice beasts
  6 small abominations (WizLab)
  5 sky beasts
  2 black bears
  38 orc warriors
  A slave (D:8)
  15 wolves
  11 centaurs
  11 ogres
  13 bullfrogs
  2 elf zombies (Ossuary)
  7 big kobolds
  Dowan (D:5)
  6 scorpions
  7 wights
  5 killer bees (D:10)
  An electric eel (Lair:4)
  4 howler monkeys
  5 crimson imps
  3 jellies
  3 centaur skeletons
  8 hounds
  26 orc wizards
  A human zombie (Ossuary)
  19 orc priests
  A gnoll shaman (D:6)
  7 iguanas
  7 hell rats (Lair:4)
  8 worker ants
  3 big kobold zombies (Ossuary)
  A hound zombie (D:9)
  A hound skeleton (D:8)
  2 mummies (Ossuary)
  A howler monkey zombie (D:6)
  A worker ant zombie (D:8)
  9 adders
  18 gnolls
  3 shadow imps
  2 oozes
  An adder zombie (D:7)
  An adder skeleton (D:5)
  2 worms
  4 dart slugs
  A leopard gecko (D:1)
  78 orcs
  5 giant cockroaches
  2 goblins
  8 hobgoblins
  9 jackals
  A quokka (D:5)
  8 ball pythons
  6 bats
  18 frilled lizards
  A gnoll zombie (Ossuary)
  3 goblin zombies (Ossuary)
  2 hobgoblin zombies (Ossuary)
  30 kobolds
  2 orc zombies (Ossuary)
  A quokka skeleton (D:5)
  4 rats
  A butterfly (Lair:6)
  8 plants
823 creatures vanquished.

Vanquished Creatures (others)
  An ancient champion (Vaults:1)
  Urug (Orc)
  A yaktaur captain (Vaults:2)
  A centaur warrior (Vaults:1)
  A cyclops (D:11)
  A vault sentinel (Vaults:1)
  A yaktaur (Vaults:1)
  A water moccasin (D:6)
  A sky beast (D:8)
  3 orcs (Orc)
  A jackal (D:8)
  19 fungi
  16 plants
48 creatures vanquished.

Grand Total: 871 creatures vanquished

Notes
Turn   | Place    | Note
-------+----------+-------------------------------------------
     0 | D:1      | Morbidden the Hill Orc Archaeologist began the quest for
                  | the Orb.
     0 | D:1      | Reached XP level 1. HP: 16/16 MP: 1/1
    49 | D:1      | Reached XP level 2. HP: 8/24 MP: 2/2
   194 | D:1      | Got a faintly glowing steel ring
   195 | D:1      | Identified the ring of Quotuet {Fire Int+6 Dex-3} (You
                  | found it on level 1 of the Dungeon)
   375 | D:1      | Got a scorched lead ring
   376 | D:1      | Identified the ring "Imuop" {Fire rPois} (You found it on
                  | level 1 of the Dungeon)
   546 | D:1      | Reached skill level 2 in Fighting
   551 | D:1      | Reached XP level 3. HP: 15/29 MP: 3/3
   789 | D:2      | Noticed a +0 dagger
   792 | D:2      | Found a hide-covered altar of Uskayaw.
   793 | D:2      | Noticed a +0 dagger
  1090 | D:2      | Found an ornate altar of the Wu Jian Council.
  1369 | D:3      | Reached XP level 4. HP: 36/36 MP: 4/4
  2139 | D:3      | Reached XP level 5. HP: 20/42 MP: 5/5
  2139 | D:3      | Identified a scroll of acquirement
  2140 | D:3      | Identified the -4 pair of gloves "Jim Coec" {MR- Str+2
                  | Dex+2} (You acquired it on level 3 of the Dungeon)
  2140 | D:3      | Identified the ring "Wakk" {Wiz *Contam +Blink rC+} (You
                  | acquired it on level 3 of the Dungeon)
  2447 | D:3      | Found a faded altar of an unknown god.
  2799 | D:3      | Noticed an ogre
  2940 | D:4      | Reached skill level 3 in Fighting
  2952 | D:4      | Reached XP level 6. HP: 50/51 MP: 6/6
  3249 | D:4      | Reached skill level 4 in Fighting
  3249 | D:4      | Reached XP level 7. HP: 42/59 MP: 7/7
  3480 | D:5      | Entered Level 5 of the Dungeon
  3480 | D:5      | Noticed Duvessa
  3480 | D:5      | Noticed Dowan
  3483 | D:5      | Found a snail-covered altar of Cheibriados.
  3490 | D:5      | Killed Duvessa
  3492 | D:5      | Killed Dowan
  3509 | D:5      | Became a worshipper of Cheibriados the Contemplative
  3528 | D:5      | Found a sand-covered staircase.
  3536 | Ossuary  | Entered an ossuary
  3559 | Ossuary  | Reached skill level 5 in Dodging
  3569 | Ossuary  | Reached skill level 5 in Fighting
  3569 | Ossuary  | Reached XP level 8. HP: 22/68 MP: 8/8
  4117 | D:5      | Reached * piety under Cheibriados
  4129 | D:5      | Reached skill level 6 in Fighting
  4153 | D:6      | Reached skill level 1 in Armour
  4251 | D:6      | Noticed a cyclops
  4264 | D:6      | HP: 3/71 [cyclops/large rock (33)]
  4272 | D:6      | Killed a cyclops
  4272 | D:6      | Reached skill level 7 in Fighting
  4272 | D:6      | Reached XP level 9. HP: 35/79 MP: 9/9
  4430 | D:6      | Found a glowing drain.
  4435 | Sewer    | Entered a sewer
  4504 | Sewer    | Reached ** piety under Cheibriados
  5595 | D:6      | Reached skill level 1 in Invocations
  5695 | D:6      | Found a shimmering blue altar of Sif Muna.
  5698 | D:6      | Found an opulent altar of Gozag.
  6071 | D:5      | Reached *** piety under Cheibriados
  6219 | D:5      | Found a staircase to the Ecumenical Temple.
  6597 | D:7      | Noticed Menkaure
  6602 | D:7      | Killed Menkaure
  6602 | D:7      | Reached skill level 8 in Fighting
  6719 | D:7      | Found a staircase to the Lair.
  7080 | D:7      | Reached XP level 10. HP: 66/88 MP: 12/12
  7282 | D:7      | Reached skill level 5 in Stealth
  7512 | D:7      | Noticed Joseph
  7523 | D:7      | Killed Joseph
  7539 | D:7      | Reached skill level 5 in Armour
  7602 | D:7      | Found a white marble altar of Elyvilon.
  7625 | D:7      | Reached **** piety under Cheibriados
  7985 | D:8      | Noticed a manticore
  7996 | D:8      | Killed a manticore
  7996 | D:8      | Reached skill level 9 in Fighting
  8316 | D:8      | Reached skill level 5 in Invocations
  8638 | D:8      | Reached XP level 11. HP: 97/97 MP: 13/15
  8780 | D:8      | Noticed Pikel
  8802 | D:8      | Killed Pikel
  9035 | D:8      | Found a runed translucent door.
  9035 | D:8      | Noticed Sickboy's ghost (novice FrWz)
  9238 | D:8      | Noticed a manticore
  9238 | D:8      | Noticed a centaur warrior
  9238 | D:8      | Noticed a catoblepas
  9242 | D:8      | Killed a manticore
  9272 | D:8      | Killed a centaur warrior
  9475 | D:8      | Killed an unseen horror
  9549 | D:8      | Noticed a centaur warrior
  9565 | D:8      | Killed a centaur warrior
  9565 | D:8      | Reached ***** piety under Cheibriados
  9643 | D:8      | Killed a catoblepas
  9643 | D:8      | Reached skill level 10 in Fighting
  9673 | D:8      | Noticed a cyclops
  9875 | D:8      | Killed a cyclops
 10026 | D:9      | Noticed a two-headed ogre
 10042 | D:9      | Killed a two-headed ogre
 10737 | D:10     | Entered Level 10 of the Dungeon
 10742 | D:10     | Noticed a centaur warrior
 10748 | D:10     | Killed an unseen horror
 10758 | D:10     | Killed a centaur warrior
 10758 | D:10     | Reached skill level 1 in Evocations
 10758 | D:10     | Reached XP level 12. HP: 94/107 MP: 5/17
 10943 | D:10     | Found a staircase to the Orcish Mines.
 11362 | D:10     | Noticed a tengu warrior
 11374 | D:10     | Killed a tengu warrior
 11595 | Lair:1   | Entered Level 1 of the Lair of Beasts
 11616 | Lair:1   | Noticed Prince Ribbit
 11628 | Lair:1   | Noticed Sonja
 11629 | Lair:1   | Killed Prince Ribbit
 11633 | Lair:1   | Killed Sonja
 11714 | Lair:1   | Reached skill level 11 in Fighting
 11846 | Lair:1   | Noticed a seven-headed hydra
 11855 | Lair:1   | Killed a seven-headed hydra
 12048 | Lair:1   | Noticed a four-headed hydra
 12053 | Lair:1   | Killed a four-headed hydra
 12185 | Lair:1   | Got a pair of twisted gloves
 12300 | Lair:1   | Identified the cursed +0 pair of gloves "Poedice" {rPois
                  | rF+ Int-3} (You found it on level 1 of the Lair of Beasts)
 12564 | Lair:2   | Reached XP level 13. HP: 72/116 MP: 19/19
 12789 | Lair:2   | Reached skill level 10 in Dodging
 13179 | Lair:2   | Reached skill level 12 in Fighting
 13504 | Lair:3   | Found a hole to the Spider Nest.
 13554 | Lair:3   | Got a fine chain mail
 13596 | Lair:3   | Identified the +7 chain mail "Taufuk" {Str+4} (You found it
                  | on level 3 of the Lair of Beasts)
 14234 | Lair:3   | Got a faintly glowing tin amulet
 14510 | Spider:1 | Entered Level 1 of the Spider Nest
 14623 | Lair:4   | Reached skill level 10 in Invocations
 14722 | Lair:4   | Reached ****** piety under Cheibriados
 14771 | Lair:4   | Reached skill level 13 in Fighting
 14804 | Lair:4   | Reached XP level 14. HP: 125/129 MP: 7/21
 15300 | Lair:4   | Found a staircase to the Shoals.
 15456 | Lair:5   | Reached skill level 10 in Armour
 15659 | Lair:5   | Identified the cursed amulet of Starshine {Inacc +Fly rC+
                  | Str-4} (You found it on level 3 of the Lair of Beasts)
 16286 | Lair:6   | Entered Level 6 of the Lair of Beasts
 16566 | Lair:6   | Reached skill level 1 in Spellcasting
 16729 | Lair:6   | Got a steaming shortbow
 16976 | Lair:6   | Reached skill level 1 in Shields
 17008 | Lair:6   | Reached skill level 14 in Fighting
 17109 | Lair:6   | Found a viscous altar of Jiyva.
 17109 | Lair:6   | Found a staircase to the Slime Pits.
 17293 | Lair:6   | Noticed a dire elephant
 17293 | Lair:6   | Noticed a dire elephant
 17321 | Lair:6   | Killed a dire elephant
 17328 | Lair:6   | Killed a dire elephant
 17341 | Lair:6   | Got a shimmering amber ring
 17352 | Lair:6   | Identified the ring of Qealerghi {rElec Stlth-} (You found
                  | it on level 6 of the Lair of Beasts)
 17358 | Lair:6   | Got a brightly glowing chain mail
 17369 | Lair:6   | Identified the +2 chain mail of the Mind {Int-5 Dex+8} (You
                  | found it on level 6 of the Lair of Beasts)
 17387 | Lair:6   | Got a crystal spear
 17390 | Lair:6   | Identified the +3 spear of the Coward {flame, Int+2} (You
                  | found it on level 6 of the Lair of Beasts)
 17393 | Lair:6   | Noticed a dire elephant
 17408 | Lair:6   | Killed a dire elephant
 17408 | Lair:6   | Reached XP level 15. HP: 92/138 MP: 7/23
 18012 | D:11     | Got a translucent platinum ring
 18013 | D:11     | Identified the ring of Buqokk {Fire Str+3} (You found it on
                  | level 11 of the Dungeon)
 18128 | D:11     | Reached skill level 1 in Throwing
 18175 | D:11     | Found a gate to the Vaults.
 18534 | D:11     | Found a basalt altar of Yredelemnul.
 18773 | D:12     | Entered Level 12 of the Dungeon
 19252 | D:12     | Found a staircase to the Depths.
 19761 | Orc      | Entered the Orcish Mines
 19768 | Orc      | Noticed Erica
 19776 | Orc      | Killed Erica
 19801 | Orc      | Found a roughly hewn altar of Beogh.
 19835 | Orc      | Noticed Urug
 19836 | Orc      | Killed Urug
 19852 | Orc      | Found Lohav's Weapon Shop.
 19883 | Orc      | Found a staircase to the Elven Halls.
 19901 | Orc      | Paralysed by an orc sorcerer for 4 turns
 20039 | Orc      | Found a roughly hewn altar of Beogh.
 20058 | Orc      | Found Tyluaty's Food Emporium.
 20155 | Orc      | Noticed Maurice
 20177 | Orc      | Killed Maurice
 20193 | Orc      | Found a roughly hewn altar of Beogh.
 20246 | Orc      | Found Xyrr's Assorted Antiques.
 20338 | Orc      | Reached skill level 15 in Fighting
 20378 | Orc      | Noticed an orc warlord
 20598 | Orc      | Found Bierch's Antique Armour Boutique.
 20600 | Orc      | Found Tootog's Antique Weapon Shop.
 20600 | Orc      | Found a roughly hewn altar of Beogh.
 20636 | Orc      | Bought a pair of steaming boots for 180 gold pieces
 20636 | Orc      | Bought the +3 crown of Dyrovepreva {rElec Int+2 SInv} for
                  | 786 gold pieces
 20636 | Orc      | Found the +3 crown of Dyrovepreva {rElec Int+2 SInv}
 20644 | Orc      | Identified the +2 pair of boots "Sinn" {rF+ rCorr Dex-3}
                  | (You bought it in a shop in the Orcish Mines)
 20650 | Orc      | Bought a glowing large shield for 142 gold pieces
 20799 | Orc      | Killed an orc warlord
 20822 | Orc      | Reached XP level 16. HP: 69/149 MP: 8/25
 20991 | Orc      | Found a roughly hewn altar of Beogh.
 21323 | Orc      | Found a roughly hewn altar of Beogh.
 21404 | Orc      | Found a roughly hewn altar of Beogh.
 21515 | Vaults:1 | Entered Level 1 of the Vaults
 21564 | Vaults:1 | Reached skill level 5 in Shields
 21730 | Vaults:1 | HP: 1/149 [deep troll[an ironheart preserver] (9)]
 22421 | Vaults:1 | Reached skill level 5 in Spellcasting
 22634 | Vaults:1 | Noticed an ancient champion
 22634 | Vaults:1 | Noticed Frederick
 22636 | Vaults:1 | Gained mutation: You do not regenerate when monsters are
                  | visible. [potion of mutation]
 22636 | Vaults:1 | Gained mutation: You are resistant to hostile enchantments.
                  | (MR+) [potion of mutation]
 22636 | Vaults:1 | Gained mutation: You are somewhat resistant to further
                  | mutation. [potion of mutation]
 22637 | Vaults:1 | Lost mutation: You are resistant to hostile enchantments.
                  | (MR+) [potion of mutation]
 22637 | Vaults:1 | Lost mutation: You do not regenerate when monsters are
                  | visible. [potion of mutation]
 22637 | Vaults:1 | Gained mutation: Your body sometimes deteriorates upon
                  | taking damage. [potion of mutation]
 22638 | Vaults:1 | Lost mutation: You are somewhat resistant to further
                  | mutation. [potion of mutation]
 22638 | Vaults:1 | Lost mutation: Your body sometimes deteriorates upon taking
                  | damage. [potion of mutation]
 22638 | Vaults:1 | Gained mutation: Your mind is acute. (Int +2) [potion of
                  | mutation]
 22638 | Vaults:1 | Gained mutation: Your flesh is cold resistant. (rC+)
                  | [potion of mutation]
 22647 | Vaults:1 | Killed an ancient champion
 22651 | Vaults:1 | Killed Frederick
 22808 | Vaults:1 | Reached XP level 17. HP: 117/156 MP: 8/26
 22995 | Vaults:1 | Found a staircase to the Crypt.
 22995 | Vaults:1 | Found a basalt altar of Yredelemnul.
 22996 | Vaults:1 | Found an ancient bone altar of Kikubaaqudgha.
 23240 | Vaults:2 | Noticed a sphinx
 23279 | Vaults:2 | Killed a sphinx
 23279 | Vaults:2 | Reached skill level 10 in Shields
 23312 | Vaults:2 | Found a magical portal.
 23328 | Vaults:2 | Found a flickering gateway to a bazaar.
 23334 | Bazaar   | Entered a bazaar
 23334 | Bazaar   | Found Ylioj's Jewellery Shoppe.
 23334 | Bazaar   | Found Orchonk's Book Emporium.
 23360 | Bazaar   | Found Nepnu's Assorted Antiques.
 23360 | Bazaar   | Found Foraq's Assorted Antiques.
 23415 | WizLab   | Entered Cigotuvi's Fleshworks
 23621 | WizLab   | Identified Julen's Collected Works on Transmigration
 23623 | WizLab   | Identified Cigotuvi's Guide on Transmigration
 23625 | WizLab   | Identified the Compendium of Transformation
 23636 | WizLab   | Noticed Cigotuvi's Monster
 23654 | WizLab   | HP: 5/157 [Cigotuvi's Monster (19)]
 23654 | WizLab   | Mangled by Cigotuvi's Monster

Skill      XL: |  1  2  3  4  5  6  7  8  9 10 11 12 13 14 15 16 17 |
---------------+----------------------------------------------------+-----
Stealth        | 3 4 5 6 |  6.3
Fighting       | 2 3 4 5 7 8 9 10 11 13 14 15 | 15.6
Dodging        | 3 4 5 6 7 9 10 11 12 | 12.0
Armour         | 2 4 5 6 8 9 10 11 | 11.6
Invocations    | 2 5 7 9 10 11 12 13 | 13.2
Evocations     | 1 2 |  2.3
Spellcasting   | 2 4 5 |  5.7
Shields        | 2 4 9 10 | 10.6
Throwing       | 1 |  1.4
Short Blades   | | 15.6
Long Blades    | | 15.6
Axes           | | 15.6
Maces & Flails | | 15.6
Polearms       | | 15.6
Staves         | | 15.6
Unarmed Combat | | 15.6

Action                   |  1- 3 |  4- 6 |  7- 9 | 10-12 | 13-15 | 16-18 || total
-------------------------+-------+-------+-------+-------+-------+-------++-------
Melee: Whip              |   178 |       |       |       |       |       ||   178
       Mace              |     8 |    80 |       |       |       |       ||    88
       Bardiche          |       |    66 |   174 |       |       |       ||   240
       Short sword       |       |       |   274 |   377 |   134 |       ||   785
       Punch             |       |       |    13 |    47 |    87 |       ||   147
       Demon blade       |       |       |       |   155 |  1288 |   640 ||  2083
       Dagger            |       |       |       |    69 |       |       ||    69
Throw: Tomahawk          |       |       |     1 |     3 |    18 |       ||    22
Invok: Slouch            |       |       |       |     4 |     4 |     3 ||    11
Evoke: Wand              |       |       |       |    12 |       |     4 ||    16
  Use: Potion            |       |     3 |     5 |     6 |       |    11 ||    25
       Scroll            |       |     1 |     5 |     3 |    23 |     5 ||    37
 Stab: Sleeping          |     6 |     4 |     4 |     4 |     1 |       ||    19
       Invisible         |       |       |     4 |       |       |       ||     4
       Distracted        |       |       |       |     1 |     1 |     1 ||     3
       Petrified         |       |       |       |     1 |       |       ||     1
       Paralysed         |       |       |       |     2 |       |       ||     2
       Confused          |       |       |       |       |       |     5 ||     5
  Eat: Chunk             |     2 |     6 |     9 |    10 |    18 |     5 ||    50
       Ration            |       |       |       |       |       |     1 ||     1
Armor: Robe              |    83 |    37 |   102 |       |       |       ||   222
       Skin              |       |     7 |       |     2 |       |       ||     9
       Leather armour    |       |       |    94 |    52 |       |       ||   146
       Chain mail        |       |       |       |    87 |   391 |       ||   478
       Plate armour      |       |       |       |       |       |   234 ||   234
Dodge: Dodged            |   139 |   118 |   445 |   339 |   812 |   141 ||  1994
Block: Other             |       |       |       |    81 |   369 |       ||   450
       Reflection        |       |       |       |     2 |    30 |    43 ||    75
       Buckler           |       |       |       |       |   629 |       ||   629
       Large shield      |       |       |       |       |    97 |   981 ||  1078
